 Dungeon Crawl Stone Soup version bcrawl-1.28.1b (webtiles) character file.

Game seed: 16115653236651455300

568720 Morbidden the Thaumaturge (level 16, -5/136 HPs)
             Began as a Djinni Sloth Apostle on Dec 21, 2020.
             Was a Priest of Cheibriados.
             Killed from afar by a naga mage (22 damage)
             ... with a bolt of poison
             ... on level 1 of the Vaults.
             The game lasted 01:11:11 (22980 turns).

Morbidden the Thaumaturge (Djinni Sloth Apostle)   Turns: 22980, Time: 01:11:11

Health: -5/136     AC: 16    Str: 30    XL:     16   Next: 19%
Magic:  34/39      EV:  7    Int: 29    God:    Cheibriados [***...]
Gold:   2584       SH: 19    Dex: 18    Spells: 34/40 levels left

rFire    + . .     SeeInvis .   l - +1 morningstar (flame)
rCold    . . .     Gourm    .   x - +0 large shield
rNeg     . . .     Faith    .   T - +0 acid dragon scales
rPois    .         Spirit   .   J - +1 helmet
rElec    .         Reflect  .   n - scarf {clouds}
rCorr    +         Harm     .   A - +0 pair of gloves (curse)
MR       +....     Rnd*Rage +   (boots unavailable)
Stlth    ++........             Q - amulet of regeneration
HPRegen  1.34/turn              f - +5 ring of protection
MPRegen  0.26/turn              m - +6 ring of strength

@: lethally poisoned (-5 -> -6), flying, constricted, studying Ice Magic,
drained, very slow
A: never pass out, berserk 2, blink, blurry vision 2, fire resistance 1, high mp
2, wild magic 3, disrupted magic 1, MP-powered wands, floating
a: Blink, Bend Time, Temporal Distortion, Renounce Religion, Evoke Fog


You were on level 1 of the Vaults.
You worshipped Cheibriados.
Cheibriados was most pleased with you.
You were full.

You visited 4 branches of the dungeon, and saw 20 of its levels.
You also visited: Bailey and Ice Cave.

You collected 2672 gold pieces.
You spent 88 gold pieces at shops.

Inventory:

Hand Weapons
 l - a +1 morningstar of flaming (weapon)
Missiles
 b - 279 tomahawks of dispersal {=f}
 k - 604 poisoned tomahawks (quivered)
 D - 326 javelins
Armour
 n - a scarf of clouds (worn)
 x - a +0 large shield (worn)
 A - a cursed +0 pair of gloves (worn)
 J - a +1 helmet (worn)
 T - +0 acid dragon scales (worn)
Jewellery
 a - an uncursed ring of protection from fire
 f - a +5 ring of protection (left hand)
 m - a +6 ring of strength (right hand)
 w - an uncursed ring of magical power
 y - an uncursed ring of poison resistance
 M - an uncursed ring of protection from fire
 Q - an amulet of regeneration (around neck)
 Y - the ring of the Hero {MR+ Int+5}
   (You found it on level 11 of the Dungeon)

   [ring of protection from magic]

   It affects your intelligence (+5).
   It affects your resistance to hostile enchantments.
Wands
 t - a wand of disintegration (31)
 I - a wand of acid (1)
 R - a wand of digging (7)
 V - a wand of flame (21)
 Z - a wand of iceblast (25)
Scrolls
 d - a scroll of identify
 g - 3 scrolls of enchant armour
 p - 4 scrolls of teleportation
 q - 2 scrolls of magic mapping
 r - 10 scrolls of remove curse
 s - 2 scrolls of blinking
 v - 6 scrolls of amnesia
 B - 3 scrolls of fog
 E - 3 scrolls of fear
 O - 2 scrolls of enchant weapon
 W - a scroll of immolation
Potions
 h - 8 potions of flight
 i - 10 potions of curing
 j - 2 potions of ambrosia
 u - 3 potions of brilliance
 C - 2 potions of invisibility
 F - 2 potions of lignification
 G - a potion of agility
 K - 2 potions of might
 L - 3 potions of mutation
 N - a potion of resistance
 P - a potion of magic
 S - 2 potions of cancellation
 U - 3 potions of heal wounds
Books
 o - a manual of Ice Magic
 X - a manual of Ice Magic
Miscellaneous
 z - a lamp of fire
 H - a phial of floods
Comestibles
 e - 39 rations {!d}


   Skills:
 * Level 10.7(9.4) Fighting
 * Level 12.1(10.7) Maces & Flails
 + Level 8.1(6.9) Throwing
 * Level 9.2(7.9) Armour
 * Level 9.2(8.0) Dodging
 + Level 3.5(2.5) Stealth
 * Level 10.2(8.9) Shields
 * Level 12.6(11.3) Spellcasting
 * Level 10.4(9.1) Conjurations
   Level 1.0(0.0) Hexes
 * Level 10.6(9.3) Invocations
 + Level 2.4(1.4) Evocations


You had 34 spell levels left.
You knew the following spells:

 Your Spells              Type           Power        Failure   Level  Hunger
a - Iskenderun's Mystic   Conj           #######.     71%         3    None
b - Searing Ray           Conj           #######.     52%         2    None
c - Magic Dart            Conj           ####         41%         1    None

Your spell library contained the following spells:

 Spells                   Type           Power        Failure   Level  Hunger
 Flame Tongue             Conj/Fire      #####        89%         1    None
 Conjure Flame            Conj/Fire      ######..     99%         3    None
 Dazzling Orbs            Conj/Hex       ######.      99%         3    None
 Apportation              Tloc           ####..       100%        1    None
 Blink Other              Tloc           ####..       100%        1    None
 Infusion                 Chrm           ####....     100%        1    None
 Sandblast                Erth           ####..       100%        1    None
 Slow                     Hex            ####....     100%        1    None
 Summon Butterflies       Summ           ####....     100%        1    None
 Summon Small Mammal      Summ           ####         100%        1    None
 Blink                    Tloc           N/A          100%        2    None
 Call Imp                 Summ           ####..       100%        2    None
 Flaming Arrows           Chrm/Fire      ####....     100%        2    None
 Call Canine Familiar     Summ           ####....     100%        3    None
 Confuse                  Hex            ####....     100%        3    None
 Inner Flame              Hex/Fire       N/A          100%        3    None
 Portal Projectile        Tloc           ####..       100%        3    None
 Teleport Other           Tloc           ####....     100%        3    None
 Fulminant Prism          Conj/Hex       ######....   100%        4    None
 Petrify                  Tmut/Erth      ####......   100%        4    None
 Sticky Flame             Conj/Fire      ######..     100%        4    None
 Summon Ice Beast         Ice/Summ       ####....     100%        4    None
 Yara's Violent Unravell  Hex/Tmut       ####......   100%        4    None
 Bolt of Magma            Conj/Fire/Erth ######....   100%        5    ###....
 Fireball                 Conj/Fire      ######....   100%        5    ###....
 Irradiate                Conj/Tmut      ######....   100%        5    ###....
 Metabolic Englaciation   Hex/Ice        ####......   100%        5    ###....
 Passage of Golubria      Tloc           N/A          100%        5    ###....
 Summon Lightning Spire   Summ/Air       ####....     100%        5    ###....
 Iron Shot                Conj/Erth      ######....   100%        6    #####..
 Statue Form              Tmut/Erth      ####.....    100%        6    #####..
 Mana Rupture             Conj/Hex       ######....   100%        7    ######.
 Shatter                  Erth           ####......   100%        9    #######


Dungeon Overview and Level Annotations

Branches:
Dungeon (12/12)            Temple (0/1) D:4            Lair (6/6) D:9
 Shoals (0/3) Lair:4        Snake (0/3) Lair:4        Slime (0/5) Lair:5
    Orc (1/1) D:8             Elf (0/3) Orc          Vaults (1/3) D:11
 Depths (0/5) D:12
  Crypt: Vaults:1-2

Altars:
Gozag
Kikubaaqudgha
Nemelex Xobeh
Beogh
Jiyva

Shops:
D:6 *(   D:7 [   D:9 %   Orc [!}!(

Annotations:
Lair:1 exclusion: oklob plant
Lair:2 exclusion: oklob plant


Innate Abilities, Weirdness & Mutations

You never pass out after going berserk.
You often lose your temper in combat.
You can translocate small distances at will.
Scrolls take you longer to read.
Your flesh is heat resistant. (rF+)
You have a considerably increased reservoir of magic. (+20% MP)
Your spells are much harder to cast, but much more powerful.
Your casting is slightly disrupted.
You expend magic power (3 MP) to strengthen your wands.
Your body floats in the air.


Message History

You are more poisoned.
The bolt of poison hits you.
* * * LOW HITPOINT WARNING * * *
The naga mage constricts you.
No path to travel!
No path to travel!
No path to travel!
No path to travel!
Unknown command.
Unknown command.
Unknown command.
You can feel time thicken for a moment.
You destroy the battlesphere!
You can no longer inflict damage on those overly hasty.
Cheibriados lowers the support of your attributes as your movement quickens.
You feel sick.
The naga mage gestures at you while chanting.
You are more poisoned.
The bolt of poison hits you!!
You die...

#.........###..###.....#..##...#
#...........#..#.......##..##.##
#...........####.......###..#'#.
#......................# ##.....
#..................)...# ##...#
#..............☼.......#####'###
#...................(...........
#...............................
#.............N@................
#.............Q...#######.......
#.............##### #.......
#.†÷.........## #.......
#..÷........## #.......
#.†÷.......## #.......
#..........# ####....
#..........# ##... #..........'
#...


You could see a tengu reaver and a naga mage.

Vanquished Creatures
  A sphinx (Vaults:1)
  3 vault wardens (Vaults:1)
  2 orc warlords
  An ironheart preserver (Vaults:1)
  Urug (D:11)
  3 fire dragons
  A yaktaur captain (Vaults:1)
  12 hydras
  A rakshasa (Vaults:1)
  A catoblepas (Lair:5)
  An ogre mage (Vaults:1)
  5 centaur warriors
  2 ice dragons (Vaults:1)
  A two-headed ogre (D:12)
  6 death yaks
  A fire crab (Lair:6)
  Sonja (D:12)
  3 deep trolls (Vaults:1)
  2 wizards (Vaults:1)
  2 glowing orange brains
  A swamp dragon (Lair:6)
  A deep elf archer (Vaults:1)
  3 orc knights
  3 cyclopes
  2 orb spiders (shapeshifter) (D:12)
  4 orc sorcerers (Orc)
  A wolf spider (Lair:6)
  An ironbrand convoker (Vaults:1)
  16 ugly things
  3 manticores
  19 slime creatures
  An elephant (shapeshifter) (D:12)
  12 black mambas
  2 vault sentinels (Vaults:1)
  A water nymph (Lair:6)
  17 cane toads
  A guardian serpent (Lair:6)
  An ice statue (IceCv)
  5 komodo dragons
  8 rime drakes
  A kobold demonologist (D:8)
  10 freezing wraiths (IceCv)
  3 yaktaurs (Vaults:1)
  6 trolls
  3 meliai (D:11)
  4 polar bears
  Prince Ribbit (Lair:2)
  A harpy skeleton (D:11)
  2 hornets (Lair:6)
  12 dream sheep
  A raiju (shapeshifter) (D:12)
  13 blink frogs
  7 hippogriffs
  A meliai zombie (D:9)
  Sigmund (D:6)
  3 shadows (D:12)
  4 water elementals
  A human simulacrum (Vaults:1)
  2 redbacks (Lair:6)
  A vampire (D:11)
  13 wyverns
  A wraith (D:12)
  16 humans (D:11)
  35 yaks
  Grum (D:9)
  2 hungry ghosts
  6 basilisks
  6 steam dragons
  Menkaure (D:6)
  A death yak simulacrum (IceCv)
  2 nagas (Lair:4)
  5 wargs (Orc)
  An acid dragon (Lair:6)
  17 crocodiles
  4 soldier ants
  21 water moccasins
  17 porcupines
  7 ice beasts
  A hornet zombie (D:5)
  A swamp drake (Lair:6)
  30 orc warriors
  A phantom (D:11)
  4 sky beasts
  A necrophage (D:5)
  An alligator simulacrum (IceCv)
  2 centaurs
  10 ogres
  10 wolves
  10 bullfrogs
  4 scorpions
  2 howler monkeys
  5 wights (D:10)
  2 swamp dragon simulacra (IceCv)
  3 electric eels (D:12)
  5 crimson imps
  5 hounds
  A centaur zombie (D:6)
  5 draconian simulacra (IceCv)
  2 jellies
  12 orc priests
  A bullfrog skeleton (D:7)
  4 centaur skeletons
  40 orc wizards
  4 iguanas
  13 worker ants
  3 troll simulacra (IceCv)
  2 centaur simulacra (IceCv)
  A hound skeleton (D:5)
  A worker ant zombie (D:7)
  9 gnolls
  6 naga simulacra (IceCv)
  11 adders
  4 ogre simulacra (IceCv)
  A shadow imp (D:8)
  12 white imps (IceCv)
  An ooze (D:2)
  2 worms
  2 dart slugs
  3 leopard geckos
  91 orcs
  A ball python (D:2)
  A bat (D:1)
  4 giant cockroaches
  14 goblins
  3 hobgoblins
  4 jackals (D:8)
  4 quokkas
  9 frilled lizards
  2 jackal skeletons
  18 kobolds
  8 rats
  A fungus (Lair:6)
782 creatures vanquished.

Vanquished Creatures (collateral kills)
  Rupert (D:11)
  A death yak (Lair:6)
2 creatures vanquished.

Vanquished Creatures (others)
  A necromancer (IceCv)
  A rime drake (Lair:6)
  6 bushes (Lair:6)
  41 fungi
  46 plants
95 creatures vanquished.

Grand Total: 879 creatures vanquished

Notes
Turn   | Place    | Note
-------+----------+-------------------------------------------
     0 | D:1      | Morbidden the Djinni Sloth Apostle began the quest for the
                  | Orb.
     0 | D:1      | Reached XP level 1. HP: 17/17 MP: 3/3
   274 | D:1      | Reached XP level 2. HP: 25/25 MP: 4/4
   620 | D:2      | Noticed a sky beast
   917 | D:2      | Reached XP level 3. HP: 26/30 MP: 6/6
   934 | D:2      | Killed a sky beast
   935 | D:2      | Reached skill level 1 in Invocations
   935 | D:2      | Gained mutation: Your spells are harder to cast, but more
                  | powerful. [Djinni growth]
   935 | D:2      | Gained mutation: You can translocate small distances at
                  | will. [Djinni growth]
   935 | D:2      | Reached XP level 4. HP: 35/37 MP: 1/8
  1138 | D:2      | Found an ancient bone altar of Kikubaaqudgha.
  1138 | D:2      | Found a sparkling altar of Nemelex Xobeh.
  1197 | D:2      | Reached * piety under Cheibriados
  1310 | D:3      | Reached XP level 5. HP: 44/44 MP: 9/9
  1501 | D:3      | Learned a level 1 spell: Magic Dart
  1618 | D:3      | Reached skill level 1 in Armour
  1618 | D:3      | Reached skill level 1 in Dodging
  1729 | D:3      | Reached skill level 1 in Throwing
  1960 | D:4      | Noticed an ogre
  1965 | D:4      | Killed an ogre
  1966 | D:4      | Reached XP level 6. HP: 51/51 MP: 3/11
  2010 | D:4      | Reached skill level 1 in Conjurations
  2532 | D:4      | Found a staircase to the Ecumenical Temple.
  2582 | D:4      | Reached XP level 7. HP: 55/57 MP: 12/12
  2810 | D:4      | Reached ** piety under Cheibriados
  3043 | D:5      | Entered Level 5 of the Dungeon
  3405 | D:5      | Gained mutation: Your spells are much harder to cast, but
                  | much more powerful. [Djinni growth]
  3405 | D:5      | Reached XP level 8. HP: 52/66 MP: 14/14
  3628 | D:5      | Reached skill level 5 in Spellcasting
  4601 | D:6      | Noticed Sigmund
  4613 | D:6      | Killed Sigmund
  4724 | D:6      | Found Quse's Weapon Emporium.
  4742 | D:6      | Reached *** piety under Cheibriados
  4818 | D:6      | Reached skill level 5 in Fighting
  4818 | D:6      | Reached XP level 9. HP: 74/74 MP: 17/17
  4834 | D:6      | Found Ockotus's General Store.
  4840 | D:6      | Bought a potion of heal wounds for 55 gold pieces
  4840 | D:6      | Bought a scroll of teleportation for 33 gold pieces
  5066 | D:6      | Noticed Menkaure
  5082 | D:6      | Killed Menkaure
  5083 | D:6      | Reached skill level 5 in Maces & Flails
  5359 | D:7      | Noticed a troll
  5370 | D:7      | Killed a troll
  5425 | D:7      | Found Woshruuni's Armour Boutique.
  5453 | D:7      | Found a flagged portal.
  5493 | Bailey   | Entered a bailey
  5516 | Bailey   | Noticed an orc knight
  5543 | Bailey   | Killed an orc knight
  5563 | Bailey   | Reached **** piety under Cheibriados
  6735 | D:7      | Reached XP level 10. HP: 77/83 MP: 19/19
  6962 | D:8      | Reached skill level 5 in Conjurations
  6967 | D:8      | Reached skill level 5 in Invocations
  6990 | D:8      | Reached ***** piety under Cheibriados
  7148 | D:8      | Found a staircase to the Orcish Mines.
  7183 | D:8      | Reached skill level 5 in Shields
  7196 | D:8      | HP: 4/83 [orc warrior/stone (2)]
  7517 | D:8      | Reached skill level 5 in Dodging
  7854 | D:9      | Reached XP level 11. HP: 80/91 MP: 22/22
  7936 | D:9      | Noticed Grum
  7946 | D:9      | Killed Grum
  8144 | D:9      | Noticed a five-headed hydra
  8154 | D:9      | Killed a five-headed hydra
  8294 | D:9      | Found a staircase to the Lair.
  8302 | D:9      | Reached skill level 5 in Throwing
  8402 | D:9      | Found Fysenoup's Food Boutique.
  8510 | D:10     | Entered Level 10 of the Dungeon
  8710 | D:10     | Noticed a white ugly thing
  8716 | D:10     | Killed a white ugly thing
  9228 | D:11     | Found a gate to the Vaults.
  9228 | D:11     | Noticed a centaur warrior
  9228 | D:11     | Noticed Rupert
  9228 | D:11     | Noticed Urug
  9228 | D:11     | Noticed a centaur warrior
  9230 | D:11     | Killed a centaur warrior
  9230 | D:11     | Killed a centaur warrior
  9231 | D:11     | Reached skill level 5 in Armour
  9236 | D:11     | Killed Rupert
  9237 | D:11     | Gained mutation: Your casting is slightly disrupted.
                  | [Djinni growth]
  9237 | D:11     | Gained mutation: Your flesh is heat resistant. (rF+)
                  | [Djinni growth]
  9237 | D:11     | Gained mutation: You have an increased reservoir of magic.
                  | (+10% MP) [Djinni growth]
  9237 | D:11     | Gained mutation: You have a considerably increased
                  | reservoir of magic. (+20% MP) [Djinni growth]
  9237 | D:11     | Reached XP level 12. HP: 73/100 MP: 14/30
  9243 | D:11     | Killed Urug
  9359 | D:11     | HP: 1/100 [something (10)]
  9440 | D:11     | Noticed a fire dragon
  9610 | Lair:1   | Entered Level 1 of the Lair of Beasts
  9921 | Lair:1   | Noticed a four-headed hydra
 10177 | Lair:1   | Found an opulent altar of Gozag.
 10693 | Lair:2   | Noticed Prince Ribbit
 10727 | Lair:2   | Killed Prince Ribbit
 10815 | Lair:2   | Killed a four-headed hydra
 11134 | Lair:2   | Got an ancient ring mail
 11139 | Lair:2   | Identified the cursed +0 ring mail of Vusufuom {rCorr} (You
                  | found it on level 2 of the Lair of Beasts)
 11385 | Lair:2   | Noticed a seven-headed hydra
 11393 | Lair:2   | Killed a seven-headed hydra
 11984 | Lair:3   | Noticed a four-headed hydra
 11995 | Lair:3   | Killed a four-headed hydra
 12600 | Lair:3   | Reached XP level 13. HP: 92/107 MP: 32/32
 13378 | Lair:4   | Reached skill level 10 in Spellcasting
 13382 | Lair:4   | Found a staircase to the Shoals.
 13442 | Lair:4   | Found a staircase to the Snake Pit.
 14171 | Lair:5   | Found a viscous altar of Jiyva.
 14297 | Lair:5   | Found a staircase to the Slime Pits.
 14315 | Lair:5   | Reached skill level 10 in Maces & Flails
 14894 | Lair:6   | Entered Level 6 of the Lair of Beasts
 15231 | Lair:6   | Reached XP level 14. HP: 56/116 MP: 34/34
 15383 | Lair:6   | Learned a level 2 spell: Searing Ray
 15387 | Lair:6   | Learned a level 3 spell: Iskenderun's Mystic Blast
 15443 | Lair:6   | Got a bound copper ring
 15446 | Lair:6   | Identified the ring of Onesk {Ice Int+3} (You found it on
                  | level 6 of the Lair of Beasts)
 17706 | D:11     | Got a slimy brass ring
 17719 | D:11     | Identified the ring of the Hero {MR+ Int+5} (You found it
                  | on level 11 of the Dungeon)
 18356 | D:12     | Entered Level 12 of the Dungeon
 18796 | D:12     | Noticed Sonja
 18800 | D:12     | Killed Sonja
 18986 | D:12     | Reached XP level 15. HP: 126/126 MP: 30/36
 19772 | D:12     | Found a staircase to the Depths.
 19872 | Orc      | Entered the Orcish Mines
 19877 | Orc      | Noticed an orc warlord
 19927 | Orc      | Found a frozen archway.
 19966 | IceCv    | Entered an ice cave
 20047 | IceCv    | Reached skill level 10 in Fighting
 20290 | IceCv    | Reached ****** piety under Cheibriados
 20332 | IceCv    | Found an ancient bone altar of Kikubaaqudgha.
 20565 | IceCv    | Identified the ring "Yruohe" {Ice MP+9 Str-3 Int+3 Slay-2}
 21119 | Orc      | Found Tuohipp's Distillery.
 21119 | Orc      | Found Zyvvuoju's Gadget Emporium.
 21156 | Orc      | Found a roughly hewn altar of Beogh.
 21236 | Orc      | Killed an orc warlord
 21237 | Orc      | Reached skill level 10 in Conjurations
 21286 | Orc      | Found Retot Rafe's Antique Weapon Shoppe.
 21363 | Orc      | Found a staircase to the Elven Halls.
 21496 | Orc      | Found Ucuaniast's Distillery.
 21496 | Orc      | Found Fankurre's Armour Emporium.
 21943 | Vaults:1 | Entered Level 1 of the Vaults
 21991 | Vaults:1 | Noticed an orc warlord
 22026 | Vaults:1 | Killed an orc warlord
 22089 | Vaults:1 | Noticed a vault warden
 22090 | Vaults:1 | Noticed a vault warden
 22090 | Vaults:1 | Noticed a vault warden
 22093 | Vaults:1 | Reached skill level 10 in Invocations
 22096 | Vaults:1 | Killed a vault warden
 22097 | Vaults:1 | Killed a vault warden
 22266 | Vaults:1 | Killed a vault warden
 22426 | Vaults:1 | Reached skill level 10 in Shields
 22557 | Vaults:1 | Reached XP level 16. HP: 135/135 MP: 39/39
 22613 | Vaults:1 | Noticed a sphinx
 22621 | Vaults:1 | Killed a sphinx
 22960 | Vaults:1 | Noticed a tengu reaver
 22980 | Vaults:1 | Killed from afar by a naga mage

Skill      XL: |  1  2  3  4  5  6  7  8  9 10 11 12 13 14 15 16 |
---------------+-------------------------------------------------+-----
Shields        | 2 3 4 5 6 7 8 9 10 | 10.2
Spellcasting   | 2 3 4 5 6 7 9 10 11 12 | 12.6
Maces & Flails | 3 4 6 7 9 10 11 12 | 12.1
Invocations    | 1 2 3 4 5 6 7 8 9 10 | 10.6
Fighting       | 3 4 5 6 7 8 9 10 | 10.7
Armour         | 1 2 3 4 5 6 7 8 9 |  9.2
Dodging        | 1 2 3 4 5 6 7 8 9 |  9.2
Throwing       | 1 2 3 4 5 6 7 8 |  8.1
Conjurations   | 1 2 3 4 6 7 8 9 10 | 10.4
Stealth        | 3 |  3.5
Evocations     | 2 |  2.4
Hexes          | |  1.0

Action                   |  1- 3 |  4- 6 |  7- 9 | 10-12 | 13-15 | 16-18 || total
-------------------------+-------+-------+-------+-------+-------+-------++-------
Melee: Mace              |    39 |       |       |       |       |       ||    39
       Morningstar       |    30 |   108 |   267 |   329 |   672 |    43 ||  1449
Throw: Tomahawk          |     5 |    52 |   192 |   242 |   344 |    46 ||   881
       Javelin           |       |       |       |       |    30 |       ||    30
 Cast: Magic Dart        |       |       |     1 |     3 |   127 |       ||   131
       Iskenderun's Myst |       |       |       |       |    63 |       ||    63
       Searing Ray       |       |       |       |       |    54 |       ||    54
Invok: Slouch            |       |       |       |     9 |    25 |     4 ||    38
 Abil: Blink             |       |       |       |       |     1 |       ||     1
Evoke: Wand              |     2 |     2 |     6 |     3 |    12 |       ||    25
       Phantom mirror    |       |       |       |     1 |       |       ||     1
       Phial of floods   |       |       |       |       |     1 |       ||     1
       Lamp of fire      |       |       |       |       |     1 |       ||     1
  Use: Scroll            |     1 |     3 |    12 |    13 |    16 |       ||    45
       Potion            |       |       |     8 |     4 |     1 |       ||    13
 Stab: Sleeping          |     2 |       |       |       |     1 |       ||     3
       Paralysed         |     5 |     3 |     6 |       |       |       ||    14
       Distracted        |       |       |       |       |     2 |       ||     2
  Eat: Chunk             |     3 |    10 |    21 |    32 |    42 |       ||   108
       Ration            |       |       |     4 |     1 |     4 |       ||     9
Armor: Robe              |     4 |       |       |       |       |       ||     4
       Ring mail         |    26 |    44 |     6 |       |       |       ||    76
       Plate armour      |       |       |   207 |   150 |   123 |       ||   480
       Skin              |       |       |    28 |       |       |       ||    28
       Acid dragon scale |       |       |       |       |   181 |    32 ||   213
Dodge: Dodged            |    14 |    28 |    69 |   142 |   449 |    20 ||   722
Block: Medium shield     |    22 |    62 |   255 |   308 |   684 |       ||  1331
       Large shield      |       |       |       |       |   111 |    75 ||   186
